 Dungeon Crawl Stone Soup version 0.29-a0-418-gc0181ea820 (webtiles) character file.

Game seed: 4143416345533622389

7206 bande the Cleaver (level 11, 0/67 HPs)
             Began as a Gargoyle Fighter on May 17, 2022.
             Was a High Priest of Okawaru.
             Slain by Erica
             ... wielding a +0 scimitar of flaming
              (8 damage)
             ... on level 1 of the Lair of Beasts.
             The game lasted 00:17:46 (11407 turns).

bande the Cleaver (Gargoyle Fighter)               Turns: 11407, Time: 00:17:47

Health: 0/67       AC: 25    Str: 21    XL:     11   Next: 11%
Magic:  15/15      EV:  7    Int:  8    God:    Okawaru [*****.]
Gold:   651        SH:  6    Dex: 13    Spells: 10/10 levels left

rFire   . . .      SeeInvis .   a - +1 war axe
rCold   . . .      Faith    .   c - +1 buckler
rNeg    + . .      Spirit   .   n - +0 chain mail
rPois   ∞          Reflect  .   (no helmet)
rElec   +          Harm     .   u - +0 cloak
rCorr   .          Rampage  .   w - +0 pair of gloves
Will    .....                   (no boots)
Stlth   ..........              (no amulet)
HPRegen 0.21/turn               (no ring)
MPRegen 0.14/turn               (no ring)

@: mighty
A: sickness immunity, AC +8, negative energy resistance 1, electricity
resistance, torment resistance 1, petrification resistance, iridescent scales 2
a: Renounce Religion, Heroism, Finesse, Duel


You were on level 1 of the Lair of Beasts.
You worshipped Okawaru.
Okawaru was extremely pleased with you.
You visited 3 branches of the dungeon, and saw 10 of its levels.

You collected 651 gold pieces.

Inventory:

Hand Weapons
 a - a +1 war axe (weapon)
 j - a +0 war axe
 l - a +0 shortbow
 B - a +2 flail
Armour
 c - a +1 buckler (worn)
 n - a +0 chain mail (worn)
 u - a +0 cloak (worn)
 w - a +0 pair of gloves (worn)
Jewellery
 A - a ring of resist corrosion
Wands
 m - a wand of flame (3)
 o - a wand of charming (8)
 y - a wand of iceblast (4)
Scrolls
 e - 5 scrolls of identify
 p - 4 scrolls of blinking
 r - a scroll of enchant weapon
 s - a scroll of enchant armour
 v - a scroll of fear
 x - a scroll of amnesia
Potions
 b - a potion of haste
 f - 2 potions of magic
 g - 3 potions of ambrosia
 h - 6 potions of curing
 i - 2 potions of mutation
 k - 2 potions of flight
 t - a potion of brilliance
 z - a potion of degeneration {unknown}
 C - a potion of heal wounds
Miscellaneous
 q - a piece from Xom's chessboard (15/15)


   Skills:
 + Level 7.1 Fighting
 + Level 9.5 Axes
 + Level 8.0 Armour
 + Level 6.9 Shields
 * Level 6.0 Invocations
 * Level 5.6 Evocations


You had 10 spell levels left.
You didn't know any spells.
Your spell library contained the following spells:

 Spells                   Type           Power      Damage    Failure   Level
 Magic Dart               Conj           0%         1d3       99%         1
 Sandblast                Erth           0%         2d4       99%         1
 Passwall                 Tmut/Erth      0%         N/A       99%         2
 Searing Ray              Conj           0%         2d4       99%         2
 Portal Projectile        Hex/Tloc       0%         N/A       100%        3
 Stone Arrow              Conj/Erth      0%         3d7       100%        3
 Fulminant Prism          Conj/Hex       0%         3d6       100%        4
 Blade Hands              Tmut           0%         N/A       100%        5
 Excruciating Wounds      Necr           0%         N/A       100%        5
 Orb of Destruction       Conj           0%         9d5       100%        7
 Summon Guardian Golem    Hex/Summ       Unusable   N/A       N/A         3
 Spellforged Servitor     Conj/Summ      Unusable   N/A       N/A         7

Dungeon Overview and Level Annotations

Branches:
Dungeon (8/15)             Temple (1/1) D:6            Lair (1/6) D:8

Altars:
Ashenzari
Cheibriados
Dithmenos
Elyvilon
Hepliaklqana
Kikubaaqudgha
Nemelex Xobeh
Okawaru
Qazlal
Ru
Sif Muna
Trog
Uskayaw
Vehumet
Yredelemnul
Zin
The Shining One

Shops:
D:2 [   D:8 (**

Annotations:
D:8 2 transporters, trckry's ghost, novice VSSu
Lair:1 Erica


Innate Abilities, Weirdness & Mutations

You are immune to sickness and miasma.
Your stone body is resilient. (AC +8)
You are immune to poison.
You resist negative energy. (rN+)
You are resistant to electric shocks. (rElec)
You are resistant to unholy torment.
You are immune to petrification.
You are mostly covered in iridescent scales. (AC +4)


Message History

You hit the komodo dragon. The komodo dragon barely misses you.
Erica barely misses you.
You barely miss Erica.
Erica is lightly wounded.
You barely miss the komodo dragon. The komodo dragon barely misses you.
Erica mumbles some strange words.
Erica flickers and vanishes!
Deactivating autopickup; reactivate with Ctrl-A.
You closely miss something. You completely miss the komodo dragon.
You block the komodo dragon's attack. Something hits you but does no damage.
You slash something! You closely miss the komodo dragon.
You block the komodo dragon's attack. Something hits you! Something burns you.
Unknown command.
You hit the komodo dragon.
The komodo dragon is severely wounded.
You closely miss something. The komodo dragon bites you!
* * * LOW HITPOINT WARNING * * *
You hear some strange, mumbled words.
Something tries to affect you, but you resist.
You slash the komodo dragon!
You kill the komodo dragon!
Okawaru accepts your kill.
You miss something. Something hits you but does no damage.
Your Invocations skill increases to level 6!
Something hits you but does no damage.
You see here a komodo dragon corpse.
Unknown command.
You hear some strange, mumbled words.
A bolt of poison appears from out of thin air!
The bolt of poison hits you but does no damage.
You resist.
Unknown command.
You hear some strange, mumbled words.
Something tries to affect you, but you resist.
Something hits you.
* * * LOW HITPOINT WARNING * * *
Something burns you.
* * * LOW HITPOINT WARNING * * *
You miss something. Something hits you!
You die...

.#.♣...♣.#......
..........# .# ..#
.....♣...#.# ..#
#........## ..##
....###...## ###...#
...#..##...#####.#..#
...#.. #...#........#
.#.....#............#
#.......#.....†{@...#
.........#...#......#
.........#...#......#
.........#.>.#.####.#
.##......#.....# .#
.###.....#####.# .#
..........# ... #
..#.......# ...
..##......#


There were no monsters in sight!

Vanquished Creatures
  A hydra (Lair:1)
  A two-headed ogre (D:8)
  A komodo dragon (Lair:1)
  3 blink frogs (Lair:1)
  A wraith (D:8)
  2 wyverns (D:8)
  A steam dragon (D:8)
  3 basilisks
  9 yaks
  2 water moccasins
  2 ice beasts
  A black bear (D:6)
  2 orc warriors (D:6)
  2 phantoms
  4 bullfrogs
  A scorpion (D:4)
  9 wights
  9 killer bees
  2 howler monkeys (D:6)
  A jelly (D:8)
  6 hounds
  2 gnoll shamans
  An orc priest (D:6)
  An orc wizard (D:3)
  6 iguanas
  14 gnolls
  4 adders
  4 river rats (D:6)
  An ufetubus (D:4)
  5 worms
  25 orcs
  7 ball pythons
  7 bats
  9 endoplasms
  7 giant cockroaches
  7 hobgoblins
  4 jackals (D:3)
  4 quokkas
  2 frilled lizards
  6 goblins
  8 kobolds
  6 rats
193 creatures vanquished.

Vanquished Creatures (others)
  2 fungi (D:8)
  77 plants
79 creatures vanquished.

Grand Total: 272 creatures vanquished

Notes
Turn   | Place    | Note
-------+----------+-------------------------------------------
     0 | D:1      | bande the Gargoyle Fighter began the quest for the Orb.
     0 | D:1      | Reached XP level 1. HP: 14/14 MP: 1/1
   182 | D:1      | Reached XP level 2. HP: 19/19 MP: 2/2
   359 | D:1      | Reached skill level 2 in Axes
   359 | D:1      | Reached XP level 3. HP: 23/23 MP: 3/3
   472 | D:1      | Found a faded altar of an unknown god.
  1454 | D:2      | Reached XP level 4. HP: 18/29 MP: 4/4
  1710 | D:2      | Found Juonah's Armour Emporium.
  1926 | D:2      | Reached skill level 3 in Axes
  2013 | D:2      | Reached XP level 5. HP: 29/33 MP: 5/5
  3238 | D:4      | Reached XP level 6. HP: 38/38 MP: 6/6
  3448 | D:4      | Reached skill level 4 in Axes
  4215 | D:5      | Entered Level 5 of the Dungeon
  4530 | D:4      | Reached XP level 7. HP: 38/44 MP: 7/7
  4584 | D:5      | Reached skill level 1 in Evocations
  5096 | D:5      | Reached skill level 5 in Axes
  5096 | D:5      | Reached skill level 5 in Armour
  5770 | D:6      | Reached XP level 8. HP: 21/48 MP: 8/8
  6060 | D:6      | Found a staircase to the Ecumenical Temple.
  6079 | Temple   | Entered the Ecumenical Temple
  6266 | Temple   | Became a worshipper of Warmaster Okawaru
  6333 | D:6      | Found a sacrificial altar of Ru.
  6372 | D:6      | Reached skill level 5 in Fighting
  6411 | D:6      | Reached skill level 6 in Axes
  6411 | D:6      | Reached skill level 5 in Shields
  6411 | D:6      | Reached skill level 1 in Invocations
  6982 | D:6      | Reached * piety under Okawaru
  7517 | D:7      | Gained mutation: Armour fits poorly on your strangely
                  | shaped body. [potion of mutation]
  7517 | D:7      | Gained mutation: Your flesh is cold resistant. (rC+)
                  | [potion of mutation]
  7518 | D:7      | Lost mutation: Armour fits poorly on your strangely shaped
                  | body. [potion of mutation]
  7518 | D:7      | Lost mutation: Your flesh is cold resistant. (rC+) [potion
                  | of mutation]
  7518 | D:7      | Gained mutation: You are partially covered in iridescent
                  | scales. (AC +2) [potion of mutation]
  7518 | D:7      | Gained mutation: You are mostly covered in iridescent
                  | scales. (AC +4) [potion of mutation]
  7598 | D:7      | Reached XP level 9. HP: 26/54 MP: 10/10
  8345 | D:7      | Reached skill level 7 in Axes
  8786 | D:8      | Reached ** piety under Okawaru
  8839 | D:8      | Found Jeagupp's Antique Weapon Shoppe.
  9272 | D:8      | Reached *** piety under Okawaru
  9398 | D:8      | Noticed a two-headed ogre
  9406 | D:8      | Killed a two-headed ogre
  9406 | D:8      | Received a gift from Okawaru
  9407 | D:8      | Reached skill level 8 in Axes
  9407 | D:8      | Reached XP level 10. HP: 35/60 MP: 13/13
  9833 | D:8      | Found a staircase to the Lair.
  9874 | D:8      | Reached skill level 5 in Invocations
 10045 | D:8      | Found Seneicis's General Store.
 10046 | D:8      | Found Puddou's Specific Store.
 10067 | D:8      | Identified the ring of Wohul {MP+9 Dex+4}
 10072 | D:8      | Identified the +8 trident "Fiad" {pain, rPois Dex+3}
 10072 | D:8      | Identified the +5 ring mail of Card Tricks {rF+}
 10072 | D:8      | Identified the +0 kite shield "Asuasi" {rElec rF++ Will+
                  | Slay-3}
 10079 | D:8      | Noticed trckry's ghost (novice VSSu)
 10084 | D:8      | Found a transporter.
 10104 | D:8      | Reached **** piety under Okawaru
 10268 | D:8      | Reached skill level 5 in Evocations
 10281 | D:8      | Found a transporter.
 10470 | Lair:1   | Entered Level 1 of the Lair of Beasts
 10743 | Lair:1   | Reached skill level 9 in Axes
 10894 | Lair:1   | Noticed a four-headed hydra
 10908 | Lair:1   | Killed a four-headed hydra
 10908 | Lair:1   | Reached ***** piety under Okawaru
 10909 | Lair:1   | Reached XP level 11. HP: 13/67 MP: 15/15
 11386 | Lair:1   | Noticed Erica
 11407 | Lair:1   | Slain by Erica

Illustrated notes

Levels and vault maps discovered:
D:1:      lightli_arrival_chessboard, layout_loops_ring,
          dreamdust_ecumenical_altar_angels_and_demons
D:2:      layout_rooms, serial_shops, shop_fountains
D:3:      layout_loops_ring, gup_sewer_entry_bubbles
D:4:      layout_loops_corners, kennysheep_generic_room_3
D:5:      layout_basic, chequers_serial_rivers_small_a,
          hellmonk_bongcloud_opening
D:6:      wad_woods_stonehenge, layout_loops_corners,
          minmay_temple_entry_sparse_star, minmay_misc_feat_chi
D:7:      layout_basic, chequers_serial_rivers_micro_a, grunt_decor_junction
D:8:      layout_rooms, minmay_lair_entry_grove, serial_shops, shop_coins,
          gammafunk_ghost_gnarly_gnolls, minmay_misc_feat_room,
          chequers_mini_garden, small_statue_intersection,
          nicolae_specific_store
Temple:   mainiacjoe_temple_circle_huts
Lair:1:   layout_regular_city, grunt_megastairs_4, uniq_erica

Skill      XL: |  1  2  3  4  5  6  7  8  9 10 11 |
---------------+----------------------------------+-----
Axes           | 2 3 4 5 6 8 9 |  9.5
Armour         | 4 5 6 7 8 |  8.0
Fighting       | 4 5 6 7 |  7.1
Shields        | 4 5 6 |  6.9
Evocations     | 2 3 4 5 |  5.6
Invocations    | 2 4 5 6 |  6.0

Action                   |  1- 3 |  4- 6 |  7- 9 | 10-12 || total
-------------------------+-------+-------+-------+-------++-------
Melee: War axe           |    70 |   232 |   333 |   158 ||   793
       Flail             |       |       |       |    12 ||    12
  Use: Scroll            |       |    16 |     5 |       ||    21
       Potion            |       |       |     7 |     1 ||     8
Armor: Scale mail        |    39 |   113 |       |       ||   152
       Chain mail        |       |    46 |   222 |   126 ||   394
Dodge: Dodged            |    35 |    82 |   133 |    57 ||   307
Block: Buckler           |    19 |    58 |   113 |    61 ||   251

Table legend: (Time is in decaauts)
 A = Elapsed time spent in this place.
 B = Non-inter-level travel time spent in this place.
 C = Inter-level travel time spent in this place.
 D = Time resting spent in this place.
 E = Time spent auto-exploring this place.
 F = Levels seen in this place.
 G = Mean time per level.
                   A        B        C        D        E       F      G
               +--------+--------+--------+--------+--------+-----+--------+
         Total |  11661 |  11437 |    224 |   2654 |   6813 |  10 | 1166.1 |
       Dungeon |  10521 |  10313 |    208 |   2148 |   6374 |   8 | 1315.1 |
        Temple |    197 |    181 |     16 |      0 |    165 |   1 |  197.0 |
          Lair |    942 |    942 |      0 |    506 |    274 |   1 |  942.0 |
               +--------+--------+--------+--------+--------+-----+--------+

Top non-repeatable levels by time:
     D:6: 1635 daAuts
     D:8: 1582 daAuts
     D:1: 1547 daAuts
     D:7: 1420 daAuts
     D:4: 1372 daAuts
     D:5: 1213 daAuts
     D:3: 1054 daAuts
  Lair:1: 942 daAuts
     D:2: 694 daAuts
  Temple: 197 daAuts
